 Dungeon Crawl Stone Soup version 0.22-b1-21-g5cfc1688f2 (webtiles) character file.

25288 Jupotter the Blocker (level 12, -7/112 HPs)
             Began as a Minotaur Fighter on Aug 7, 2018.
             Was a Believer of Qazlal.
             Mangled by a molten gargoyle
             ... wielding a +0 dire flail
              (20 damage)
             ... in a volcano.
             The game lasted 00:45:35 (12615 turns).

Jupotter the Blocker (Minotaur Fighter)            Turns: 12615, Time: 00:45:36

Health: -7/112     AC: 15    Str: 29    XL:     12   Next: 88%
Magic:  11/15      EV: 17    Int:  8    God:    Qazlal [**....]
Gold:   706        SH: 21    Dex: 14    Spells: 11/11 levels left

rFire    . . .     SeeInvis .   y - +3 flail (crush)
rCold    . . .     Gourm    .   c - +0 shield
rNeg     . . .     Faith    .   E - +4 ring mail {MR+}
rPois    .         Spirit   .   (helmet restricted)
rElec    .         Reflect  +   g - +1 cloak
rCorr    .         Harm     .   h - +0 pair of gloves
MR       ++...                  (no boots)
Stlth    +.........             N - +4 amulet of reflection
HPRegen  0.28/turn              A - ring "Ubuodwit" {MR+ Dex+5}
MPRegen  0.14/turn              m - +4 ring of evasion

@: mighty
A: retaliatory headbutt, horns 2
a: Upheaval, Renounce Religion


You were in a volcano.
You worshipped Qazlal.
Qazlal was pleased with you.
You were not hungry.

You visited 2 branches of the dungeon, and saw 13 of its levels.
You also visited: Volcano.

You collected 706 gold pieces.

Inventory:

Hand Weapons
 b - a +1 great mace of flaming
 y - a +3 flail of crushing (weapon)
Missiles
 a - a throwing net (quivered) {=f, !d}
 z - 2 steel javelins
Armour
 c - a +0 shield (worn)
 g - a +1 cloak (worn)
 h - a +0 pair of gloves (worn)
 i - a +1 ring mail of fire resistance
 E - a +4 ring mail of magic resistance (worn)
Jewellery
 m - a +4 ring of evasion (right hand)
 s - an uncursed ring of protection from magic {MR+, !d}
 A - the ring "Ubuodwit" (left hand) {MR+ Dex+5}
   (You found it on level 1 of the Lair of Beasts)

   [ring of dexterity]

   It affects your dexterity (+5).
   It affects your resistance to hostile enchantments.
 N - a +4 amulet of reflection (around neck)
 R - an uncursed ring of fire {unknown}
Wands
 e - a wand of acid (9)
 t - a wand of enslavement (14)
 J - a wand of disintegration (12)
Scrolls
 j - a scroll of fog {unknown}
 o - 2 scrolls of fear {unknown}
 r - a scroll of summoning {unknown}
 u - a scroll of torment {unknown}
 x - a scroll of immolation {unknown}
 B - a scroll of blinking {!r}
 C - 8 scrolls of remove curse
 I - 2 scrolls of enchant armour
 L - 2 scrolls of vulnerability {unknown}
 T - 9 scrolls of teleportation
Potions
 d - 2 potions of resistance
 k - 2 potions of flight
 l - a potion of magic
 n - a potion of curing {unknown}
 p - a potion of berserk rage {unknown}
 q - a potion of experience {unknown}
 v - 3 potions of invisibility
 D - 2 potions of might
 F - a potion of haste {unknown}
 K - a potion of agility {unknown}
Comestibles
 f - 23 rations


   Skills:
 * Level 11.9 Fighting
 * Level 11.7 Maces & Flails
 + Level 6.4 Throwing
 * Level 12.0 Armour
 + Level 5.1 Dodging
 * Level 12.1 Shields
 + Level 6.3 Invocations


You had 11 spell levels left.
You didn't know any spells.
Your spell library contained the following spells:

 Spells                   Type           Power        Failure   Level  Hunger
 Apportation              Tloc           #.....       63%         1    ##.....
 Summon Small Mammal      Summ           #...         63%         1    ##.....
 Animate Skeleton         Necr           N/A          63%         1    ##.....
 Spider Form              Tmut/Pois      #.........   94%         3    ####...
 Blade Hands              Tmut           #.........   100%        5    ######.
 Ice Form                 Ice/Tmut       #.......     100%        4    #####..
 Confusing Touch          Hex            #.....       63%         1    ##.....
 Sticks to Snakes         Tmut           #.......     77%         2    ###....
 Beastly Appendage        Tmut           #.....       63%         1    ##.....


Dungeon Overview and Level Annotations

Branches:
Dungeon (11/15)            Temple (0/1) D:5            Lair (2/6) D:9
  Swamp (0/4) Lair:2       Spider (0/4) Lair:2          Orc (0/2) D:11

Altars:
Makhleb
Qazlal
Trog
Uskayaw

Shops:
D:8 *

Portals:
Trove: D:11 (give horn of Geryon)

Annotations:
D:11 2 transporters, exclusion: player ghost, Arth's ghost, journeyman TrFi


Innate Abilities, Weirdness & Mutations

You reflexively headbutt those who attack you in melee.
You have a pair of horns on your head.


Message History

The molten gargoyle blasts magma at you!
The bolt of magma hits you!
* * * LOW HITPOINT WARNING * * *
You feel much better.
The molten gargoyle blasts magma at you!
The bolt of magma hits the molten gargoyle.
The molten gargoyle partially resists.
The bolt of magma misses you. You block the molten gargoyle's attack.
Aiming: Upheaval
Press: ? - help, Dir - move target cursor, f - molten gargoyle
Aim: a molten gargoyle, wielding a mace The ground shakes violently, spewing rubble!
The blast of rubble hits the molten gargoyle.
The molten gargoyle blasts magma at you!
The bolt of magma hits you!
* * * LOW HITPOINT WARNING * * *
Okay, then.
You feel very mighty all of a sudden.
The molten gargoyle hits you with a dire flail!!
You die...

#.## ##§## #..§≈..#
###..###.§.## ##.≈≈≈≈.#
##§≈...#§§≈§.###..≈≈v≈..
#§≈....#.§≈§..##.≈≈≈≈≈≈.
#§≈)...'≈≈≈≈≈.§#.≈≈≈≈≈≈.
#≈§§...#≈§§§≈§§§#≈≈#≈###
#≈§§∩..#≈§§§≈###########
#≈≈§...###≈≈## ###≈#≈≈#
#≈§[.)§@##### .≈≈†k≈≈.
#§≈....#9.....# .§≈.≈≈§.
##§≈...#9....## .E≈≈≈≈..
###..###...## #.≈≈≈§.#
#.## #.## #..≈≈.. ### ##
##.≈≈.# #.... ##..# ###


You could see 2 molten gargoyles.

Vanquished Creatures
  Erolcha (D:11)
  A hydra (D:9)
  4 two-headed ogres
  An unseen horror (D:11)
  A lindwurm (Volcano)
  3 ugly things (D:11)
  3 cyclopes
  A deep elf mage (D:9)
  3 black mambas
  A centaur skeleton (D:10)
  2 molten gargoyles (Volcano)
  A gargoyle (D:10)
  3 efreet (Volcano)
  2 komodo dragons
  A troll (D:11)
  A hornet (D:11)
  2 dream sheep (D:9)
  8 hippogriffs
  3 blink frogs (Lair:2)
  3 fire elementals (Volcano)
  A wyvern (Lair:2)
  2 hungry ghosts
  19 yaks
  3 water moccasins
  2 hell hounds (D:9)
  4 porcupines (Lair:2)
  2 orc warriors
  4 sky beasts
  3 black bears
  2 ice beasts
  An eye of draining (D:10)
  A hornet zombie (D:8)
  8 ogres
  A phantom (D:4)
  6 centaurs
  4 crocodiles
  3 big kobolds (D:9)
  7 bullfrogs
  A wyvern zombie (D:6)
  A wyvern skeleton (D:7)
  4 scorpions
  13 wights
  4 howler monkeys
  4 electric eels
  7 crimson imps
  A bullfrog zombie (D:5)
  7 hounds
  2 quasits
  6 orc priests
  2 jellies
  5 orc wizards
  5 bullfrog skeletons
  Ijyb (D:4)
  3 iguanas
  12 worker ants
  3 hound skeletons
  A worker ant zombie (D:8)
  3 gnolls (D:6)
  9 adders
  2 shadow imps
  2 adder zombies
  An ooze (D:3)
  An adder skeleton (D:6)
  5 worms
  A dart slug (D:1)
  4 leopard geckos
  42 orcs
  4 giant cockroaches
  7 goblins
  8 hobgoblins
  2 jackals (D:5)
  9 kobolds
  10 quokkas
  2 ball pythons
  10 bats
  8 frilled lizards
  A leopard gecko skeleton (D:4)
  A leopard gecko zombie (D:7)
  A quokka skeleton (D:7)
  8 rats
  2 fire vortices (Volcano)
343 creatures vanquished.

Vanquished Creatures (collateral kills)
  A black mamba (Lair:2)
  A demonic crawler (Lair:2)
  A blink frog (Lair:2)
  3 yaks (Lair:2)
6 creatures vanquished.

Vanquished Creatures (others)
  A molten gargoyle (Volcano)
  A plant (D:9)
2 creatures vanquished.

Grand Total: 351 creatures vanquished

Notes
Turn   | Place    | Note
-------+----------+-------------------------------------------
     0 | D:1      | Jupotter the Minotaur Fighter began the quest for the Orb.
     0 | D:1      | Reached XP level 1. HP: 19/19 MP: 0/0
   179 | D:1      | Reached XP level 2. HP: 25/27 MP: 1/1
   819 | D:1      | Reached XP level 3. HP: 33/33 MP: 2/2
  1393 | D:2      | Reached XP level 4. HP: 40/40 MP: 3/3
  1400 | D:2      | Noticed an ogre
  1822 | D:2      | Killed an ogre
  1822 | D:2      | Reached XP level 5. HP: 25/47 MP: 4/4
  2120 | D:3      | Found a bloodstained altar of Trog.
  2600 | D:3      | Reached skill level 5 in Shields
  3040 | D:4      | Found a stormy altar of Qazlal.
  3062 | D:4      | Reached skill level 5 in Armour
  3086 | D:4      | Reached skill level 5 in Fighting
  3086 | D:4      | Reached XP level 6. HP: 7/56 MP: 5/5
  3087 | D:4      | HP: 1/56 [orc/enchanted short sword (6)]
  3469 | D:4      | Reached skill level 1 in Throwing
  3563 | D:4      | Noticed Ijyb
  3571 | D:4      | Killed Ijyb
  3688 | D:4      | Reached XP level 7. HP: 61/61 MP: 6/6
  3720 | D:4      | Became a worshipper of Qazlal Stormbringer
  4117 | D:5      | Entered Level 5 of the Dungeon
  4129 | D:5      | Reached skill level 5 in Maces & Flails
  4156 | D:5      | Reached skill level 1 in Invocations
  4559 | D:5      | Reached XP level 8. HP: 62/71 MP: 6/8
  4564 | D:5      | Found a bloodstained altar of Trog.
  4974 | D:5      | Found a staircase to the Ecumenical Temple.
  5257 | D:6      | Noticed a hippogriff
  5267 | D:6      | Killed a hippogriff
  5317 | D:6      | Found a bloodstained altar of Trog.
  5773 | D:6      | Reached * piety under Qazlal
  6109 | D:7      | Reached XP level 9. HP: 71/79 MP: 9/9
  6561 | D:7      | Reached ** piety under Qazlal
  6798 | D:8      | Found a burning altar of Makhleb.
  6889 | D:8      | Found Ryehong's General Store.
  6950 | D:8      | Noticed a two-headed ogre
  6961 | D:8      | Killed a two-headed ogre
  7211 | D:8      | Reached XP level 10. HP: 90/90 MP: 11/11
  7623 | D:9      | Found a staircase to the Lair.
  7979 | D:9      | Noticed a two-headed ogre
  7986 | D:9      | Killed a two-headed ogre
  7986 | D:9      | Reached skill level 1 in Dodging
  8011 | D:9      | Reached *** piety under Qazlal
  8058 | D:9      | Noticed a two-headed hydra
  8064 | D:9      | Killed a two-headed hydra
  8143 | D:9      | Found a hide-covered altar of Uskayaw.
  8323 | D:9      | Noticed a deep elf mage
  8330 | D:9      | Killed a deep elf mage
  8348 | D:10     | Entered Level 10 of the Dungeon
  8415 | D:10     | Noticed a two-headed ogre
  8422 | D:10     | Killed a two-headed ogre
  8422 | D:10     | Reached skill level 10 in Armour
  8422 | D:10     | Reached skill level 10 in Shields
  8422 | D:10     | Reached XP level 11. HP: 83/99 MP: 13/13
  8465 | D:10     | Reached skill level 10 in Fighting
  8679 | D:10     | Reached skill level 5 in Throwing
  8771 | D:10     | Reached skill level 10 in Maces & Flails
  8776 | D:10     | Reached skill level 5 in Invocations
  9173 | D:10     | Noticed a two-headed ogre
  9185 | D:10     | Killed a two-headed ogre
  9539 | D:11     | Noticed a white ugly thing
  9550 | D:11     | Killed a white ugly thing
  9761 | D:11     | Noticed Erolcha
  9768 | D:11     | Reached **** piety under Qazlal
  9781 | D:11     | Killed Erolcha
 10005 | D:11     | Noticed a purple ugly thing
 10009 | D:11     | Killed a purple ugly thing
 10021 | D:11     | Found a staircase to the Orcish Mines.
 10109 | D:11     | Reached XP level 12. HP: 85/110 MP: 15/15
 10208 | D:11     | Noticed Arth's ghost (journeyman TrFi)
 10209 | D:11     | Found a transporter.
 10217 | D:11     | Noticed an entropy weaver
 10217 | D:11     | a tyrant leech changed into an entropy weaver
 10723 | D:11     | Found a portal to a secret trove of treasure.
 10765 | D:11     | Found a transporter.
 10890 | Lair:1   | Entered Level 1 of the Lair of Beasts
 11248 | Lair:1   | Got a slimy glass ring
 11451 | Lair:1   | Identified the ring "Ubuodwit" {MR+ Dex+5} (You found it on level 1 of the Lair of Beasts)
 12065 | Lair:2   | Found a staircase to the Swamp.
 12143 | Lair:2   | Found a hole to the Spider Nest.
 12226 | Lair:2   | Found a dark tunnel.
 12247 | Volcano  | Entered a volcano
 12268 | Volcano  | Reached skill level 5 in Dodging
 12615 | Volcano  | Mangled by a molten gargoyle

Skill      XL: |  1  2  3  4  5  6  7  8  9 10 11 12 |
---------------+-------------------------------------+-----
Armour         | 4 5 6 7 8 10 11 12 | 12.0
Shields        | 4 5 6 7 8 10 11 12 | 12.1
Fighting       | 4 5 6 7 8 9 11 | 11.9
Maces & Flails | 3 4 5 7 8 9 10 11 | 11.7
Throwing       | 1 2 3 4 5 6 |  6.4
Invocations    | 1 2 3 4 5 6 |  6.3
Dodging        | 2 4 5 |  5.1

Action                   |  1- 3 |  4- 6 |  7- 9 | 10-12 || total
-------------------------+-------+-------+-------+-------++-------
Melee: Flail             |    93 |    43 |   171 |   561 ||   868
       Headbutt          |    12 |    21 |    50 |   123 ||   206
       Mace              |       |   109 |   101 |       ||   210
Throw: Javelin           |       |     1 |     2 |     1 ||     4
Invok: Upheaval          |       |       |     1 |    12 ||    13
       Elemental Force   |       |       |       |     2 ||     2
  Use: Scroll            |       |     7 |     8 |     8 ||    23
       Potion            |       |     4 |     1 |     5 ||    10
  Eat: Chunk             |     2 |     7 |    16 |    14 ||    39
       Ration            |       |       |       |     2 ||     2
Armor: Scale mail        |    44 |    64 |    89 |       ||   197
       Ring mail         |       |       |     9 |    79 ||    88
Dodge: Dodged            |    33 |    75 |   139 |   208 ||   455
       Deflected         |       |       |       |     1 ||     1
Block: Shield            |    46 |    85 |   213 |   411 ||   755
